[ AOE2 MATCH · #508564107 ]
UnrankedEthiopians vs Japanese
Player's team · WIN
Rival team · LOSS
[ REPLAY ANALYSIS · EXTRACTED FROM THE RECORDED GAME ]
Feudal
9:19
Castle
22:55
Imperial
44:22
| APM avg | 59.7 |
| APM peak | 105 |
| eAPM avg | 31.2 |
| Villagers / military | 189 / 370 |
Focus
⚔️ 35.8% · 🌾 64.2%
Archer ×142 · Skirmisher ×124 · Shotel Warrior ×61 · Mangonel ×18 · Trebuchet (Packed) ×17 · Monk ×4
Feudal
10:51
Castle
19:27
Imperial
39:52
| APM avg | 53.3 |
| APM peak | 94 |
| eAPM avg | 35.9 |
| Villagers / military | 194 / 357 |
Focus
⚔️ 52.7% · 🌾 47.3%
Skirmisher ×278 · Samurai ×47 · Mangonel ×12 · Petard ×6 · Militia ×6 · Trebuchet (Packed) ×4
Match map
Initial resources + every placement click. Lines = walls · curves = elevation contours. ◆ gold · ⬟ stone · ● berries · ✦ relic · ◌ wall gap
Your base· ✓ Closed at 22:55 · 65t walls · 1 gate(s)
J40 | Odiseo's base· ✓ Closed at 19:27 · 47t walls · 2 gate(s)
Smoothed initial terrain · ◌ = detected wall gap · hover for details
Inputs per minute
— kami al-farsi - - J40 | Odiseo
Build order — kami al-farsi
First 150 of 590 actions detected
| 0:01 | Queue | Villager (Male) |
| 0:01 | Queue | Villager (Male) |
| 0:01 | Queue | Villager (Male) |
| 0:02 | Queue | Villager (Male) |
| 0:02 | Queue | Villager (Male) |
| 0:03 | Build | House |
| 0:04 | Build | House |
| 1:24 | Queue | Villager (Male) |
| 2:02 | Queue | Villager (Male) |
| 2:10 | Queue | Villager (Male) |
| 2:22 | Build | Lumber Camp |
| 2:57 | Queue | Villager (Male) |
| 2:57 | Queue | Villager (Male) |
| 2:57 | Queue | Villager (Male) |
| 3:10 | Build | House |
| 3:13 | Build | Palisade Wall |
| 3:14 | Build | Palisade Wall |
| 3:21 | Build | House |
| 3:26 | Queue | Villager (Male) |
| 3:27 | Queue | Villager (Male) |
| 3:27 | Queue | Villager (Male) |
| 4:05 | Queue | Villager (Male) |
| 4:06 | Queue | Villager (Male) |
| 4:43 | Queue | Villager (Male) |
| 5:26 | Build | Mill |
| 5:45 | Queue | Villager (Male) |
| 5:46 | Queue | Villager (Male) |
| 5:50 | Research | Loom |
| 5:50 | Research | Loom |
| 6:55 | Build | Mining Camp |
| 7:04 | Build | Mining Camp |
| 7:09 | Research | Feudal Age |
| 7:10 | Research | Feudal Age |
| 7:26 | Build | Palisade Wall |
| 7:33 | Build | Palisade Wall |
| 7:35 | Build | Palisade Wall |
| 7:59 | Queue | Villager (Male) |
| 8:11 | Build | Palisade Wall |
| 8:16 | Build | Palisade Wall |
| 8:20 | Build | Palisade Wall |
| 8:34 | Build | Palisade Wall |
| 8:35 | Build | Palisade Wall |
| 8:36 | Build | Palisade Wall |
| 8:41 | Build | Palisade Wall |
| 8:45 | Build | Palisade Wall |
| 9:10 | Build | Barracks |
| 9:17 | Build | Palisade Wall |
| 9:19 | Age | Feudal Age |
| 9:30 | Build | Palisade Wall |
| 9:34 | Build | Palisade Wall |
| 9:36 | Queue | Villager (Male) |
| 9:46 | Queue | Villager (Male) |
| 9:51 | Build | Palisade Wall |
| 10:08 | Build | Palisade Wall |
| 10:10 | Build | Palisade Wall |
| 10:13 | Build | Palisade Wall |
| 10:14 | Queue | Villager (Male) |
| 10:21 | Build | Palisade Wall |
| 10:24 | Queue | Villager (Male) |
| 10:26 | Build | Archery Range |
| 10:39 | Build | Palisade Wall |
| 10:50 | Queue | Villager (Male) |
| 10:53 | Build | House |
| 10:54 | Build | Palisade Wall |
| 10:59 | Queue | Archer ×2 |
| 10:59 | Queue | Archer ×2 |
| 11:08 | Build | House |
| 11:27 | Build | House |
| 11:42 | Queue | Villager (Male) |
| 11:43 | Build | Farm |
| 12:08 | Build | Palisade Wall |
| 12:09 | Build | Palisade Wall |
| 12:11 | Queue | Villager (Male) |
| 12:15 | Queue | Archer |
| 12:31 | Build | Blacksmith |
| 12:33 | Queue | Villager (Male) |
| 12:35 | Build | Farm |
| 12:50 | Queue | Archer |
| 13:01 | Queue | Villager (Male) |
| 13:02 | Build | Farm |
| 13:05 | Research | Fletching |
| 13:06 | Research | Fletching |
| 13:20 | Build | Palisade Gate |
| 13:27 | Build | Farm |
| 13:39 | Queue | Villager (Male) |
| 13:42 | Queue | Archer |
| 13:42 | Queue | Archer |
| 13:55 | Build | Farm |
| 14:04 | Queue | Skirmisher |
| 14:08 | Queue | Villager (Male) |
| 14:16 | Build | Lumber Camp |
| 14:27 | Build | House |
| 14:33 | Build | House |
| 14:41 | Research | Padded Archer Armor |
| 14:42 | Research | Padded Archer Armor |
| 14:45 | Build | Farm |
| 14:52 | Queue | Villager (Male) |
| 14:58 | Queue | Villager (Male) |
| 15:26 | Queue | Skirmisher |
| 15:27 | Queue | Villager (Male) |
| 15:29 | Build | Farm |
| 15:31 | Build | Farm |
| 15:33 | Build | Farm |
| 15:52 | Build | Farm |
| 16:00 | Queue | Skirmisher |
| 16:02 | Queue | Villager (Male) |
| 16:09 | Build | Farm |
| 16:23 | Build | Outpost |
| 16:29 | Queue | Villager (Male) |
| 16:33 | Queue | Skirmisher |
| 16:49 | Queue | Skirmisher |
| 16:52 | Research | Double-Bit Axe |
| 16:52 | Research | Double-Bit Axe |
| 16:53 | Queue | Villager (Male) |
| 16:58 | Build | Farm |
| 17:05 | Build | Farm |
| 17:12 | Queue | Skirmisher |
| 17:12 | Queue | Villager (Male) |
| 17:36 | Build | House |
| 17:37 | Build | House |
| 17:44 | Queue | Villager (Male) |
| 17:57 | Queue | Villager (Male) |
| 18:05 | Build | Market |
| 18:09 | Queue | Villager (Male) |
| 18:16 | Queue | Archer |
| 18:39 | Build | House |
| 18:40 | Build | House |
| 18:45 | Build | Archery Range |
| 18:53 | Queue | Archer |
| 19:18 | Queue | Archer |
| 19:35 | Queue | Villager (Male) |
| 19:40 | Build | Lumber Camp |
| 19:40 | Queue | Villager (Male) |
| 20:15 | Research | Castle Age |
| 20:16 | Research | Castle Age |
| 20:28 | Queue | Archer ×4 |
| 20:28 | Queue | Archer ×4 |
| 20:33 | Build | Archery Range |
| 20:37 | Build | House |
| 20:38 | Build | House |
| 20:39 | Build | House |
| 20:44 | Queue | Villager (Male) |
| 20:55 | Queue | Skirmisher ×2 |
| 21:29 | Build | Farm |
| 21:32 | Build | Farm |
| 21:42 | Build | House |
| 21:54 | Queue | Archer ×5 |
| 22:14 | Build | House |
| 22:15 | Build | House |
| 22:52 | Queue | Skirmisher |
Build order — J40 | Odiseo
First 150 of 785 actions detected
| 0:01 | Queue | Villager (Male) |
| 0:01 | Queue | Villager (Male) |
| 0:01 | Queue | Villager (Male) |
| 0:02 | Build | House |
| 0:04 | Build | House |
| 0:31 | Queue | Villager (Male) |
| 1:33 | Queue | Villager (Male) |
| 1:33 | Queue | Villager (Male) |
| 1:50 | Build | Lumber Camp |
| 1:59 | Queue | Villager (Male) |
| 1:59 | Queue | Villager (Male) |
| 2:14 | Queue | Villager (Male) |
| 2:14 | Queue | Villager (Male) |
| 2:45 | Queue | Villager (Male) |
| 2:45 | Queue | Villager (Male) |
| 3:10 | Queue | Villager (Male) |
| 3:43 | Queue | Villager (Male) |
| 3:43 | Queue | Villager (Male) |
| 3:56 | Build | House |
| 4:05 | Build | Palisade Wall |
| 4:08 | Queue | Villager (Male) |
| 4:16 | Queue | Villager (Male) |
| 4:16 | Queue | Villager (Male) |
| 4:20 | Build | Barracks |
| 4:43 | Build | Mill |
| 4:47 | Queue | Villager (Male) |
| 4:47 | Queue | Villager (Male) |
| 4:58 | Queue | Villager (Male) |
| 4:58 | Queue | Villager (Male) |
| 5:07 | Build | House |
| 5:28 | Queue | Militia |
| 5:28 | Queue | Militia |
| 5:49 | Queue | Villager (Male) |
| 5:49 | Queue | Villager (Male) |
| 6:00 | Queue | Militia |
| 6:00 | Queue | Militia |
| 6:03 | Build | House |
| 6:05 | Build | Mill |
| 6:14 | Queue | Villager (Male) |
| 6:17 | Queue | Militia |
| 6:17 | Queue | Militia |
| 6:31 | Queue | Villager (Male) |
| 6:43 | Build | Farm |
| 6:57 | Queue | Villager (Male) |
| 7:19 | Queue | Villager (Male) |
| 7:22 | Build | Farm |
| 7:55 | Research | Loom |
| 8:02 | Build | Farm |
| 8:41 | Research | Feudal Age |
| 8:48 | Build | Lumber Camp |
| 9:16 | Build | Mining Camp |
| 9:23 | Queue | Villager (Male) |
| 10:03 | Build | House |
| 10:51 | Age | Feudal Age |
| 10:54 | Build | Archery Range |
| 10:55 | Queue | Villager (Male) |
| 11:05 | Queue | Villager (Male) |
| 11:11 | Build | Blacksmith |
| 11:19 | Queue | Villager (Male) |
| 11:29 | Build | Palisade Wall |
| 11:32 | Build | Palisade Wall |
| 11:44 | Research | Double-Bit Axe |
| 11:44 | Research | Double-Bit Axe |
| 11:46 | Queue | Villager (Male) |
| 11:54 | Build | House |
| 12:03 | Queue | Archer |
| 12:05 | Queue | Skirmisher |
| 12:17 | Build | Farm |
| 12:35 | Build | Palisade Gate |
| 12:38 | Queue | Villager (Male) |
| 12:41 | Queue | Skirmisher |
| 12:43 | Build | Palisade Wall |
| 12:44 | Build | Palisade Wall |
| 12:53 | Research | Horse Collar |
| 12:53 | Research | Horse Collar |
| 12:59 | Build | House |
| 13:02 | Build | Palisade Wall |
| 13:04 | Queue | Skirmisher |
| 13:06 | Queue | Villager (Male) |
| 13:13 | Build | Farm |
| 13:18 | Research | Fletching |
| 13:20 | Queue | Skirmisher |
| 13:25 | Queue | Villager (Male) |
| 13:32 | Build | Farm |
| 13:36 | Build | Farm |
| 13:57 | Build | House |
| 13:59 | Build | Palisade Wall |
| 14:01 | Queue | Villager (Male) |
| 14:04 | Build | Palisade Wall |
| 14:09 | Queue | Villager (Male) |
| 14:11 | Build | Farm |
| 14:13 | Build | Farm |
| 14:19 | Queue | Villager (Male) |
| 14:27 | Build | Palisade Wall |
| 14:30 | Build | Palisade Wall |
| 14:32 | Build | Palisade Wall |
| 14:35 | Queue | Skirmisher |
| 14:49 | Build | Farm |
| 14:53 | Queue | Skirmisher |
| 15:07 | Queue | Skirmisher |
| 15:11 | Queue | Villager (Male) |
| 15:12 | Build | Farm |
| 15:26 | Queue | Skirmisher |
| 15:32 | Build | Farm |
| 15:35 | Queue | Villager (Male) |
| 15:45 | Queue | Villager (Male) |
| 15:46 | Queue | Archer |
| 16:01 | Build | Farm |
| 16:15 | Queue | Villager (Male) |
| 16:26 | Build | Market |
| 16:33 | Build | Palisade Wall |
| 16:43 | Build | Farm |
| 16:45 | Build | Farm |
| 16:45 | Build | Farm |
| 16:47 | Research | Castle Age |
| 16:49 | Queue | Skirmisher |
| 16:50 | Queue | Skirmisher |
| 17:17 | Queue | Skirmisher |
| 17:24 | Build | Palisade Gate |
| 17:31 | Research | Padded Archer Armor |
| 17:31 | Research | Padded Archer Armor |
| 17:36 | Build | Farm |
| 17:45 | Build | Lumber Camp |
| 17:57 | Queue | Villager (Male) |
| 17:59 | Queue | Skirmisher |
| 18:07 | Queue | Skirmisher |
| 18:27 | Build | Farm |
| 18:31 | Queue | Skirmisher |
| 18:42 | Research | Wheelbarrow |
| 18:44 | Queue | Skirmisher |
| 18:52 | Build | Farm |
| 19:16 | Queue | Skirmisher |
| 19:23 | Build | House |
| 19:27 | Age | Castle Age |
| 19:32 | Research | Bodkin Arrow |
| 19:37 | Research | Elite Skirmisher (upgrade) |
| 19:45 | Build | Farm |
| 19:50 | Queue | Skirmisher |
| 20:09 | Queue | Skirmisher |
| 20:16 | Build | Farm |
| 20:20 | Queue | Villager (Male) |
| 20:21 | Queue | Skirmisher |
| 20:25 | Queue | Skirmisher |
| 20:25 | Queue | Skirmisher |
| 20:32 | Queue | Skirmisher |
| 20:32 | Queue | Skirmisher |
| 20:39 | Queue | Skirmisher |
| 20:39 | Queue | Skirmisher |
| 20:44 | Queue | Skirmisher |
| 20:50 | Queue | Skirmisher |
Match timeline
| 3:13 | kami al-farsi · wall_segment Palisade Wall x1 |
| 3:14 | kami al-farsi · wall_segment Palisade Wall x1 |
| 4:05 | J40 | Odiseo · wall_segment Palisade Wall x1 |
| 4:20 | J40 | Odiseo · first_building Barracks |
| 7:26 | kami al-farsi · wall_segment Palisade Wall x8 |
| 7:33 | kami al-farsi · wall_segment Palisade Wall x1 |
| 7:35 | kami al-farsi · wall_segment Palisade Wall x7 |
| 8:11 | kami al-farsi · wall_segment Palisade Wall x1 |
| 8:16 | kami al-farsi · wall_segment Palisade Wall x1 |
| 8:20 | kami al-farsi · wall_segment Palisade Wall x1 |
| 8:34 | kami al-farsi · wall_segment Palisade Wall x1 |
| 8:35 | kami al-farsi · wall_segment Palisade Wall x1 |
| 8:36 | kami al-farsi · wall_segment Palisade Wall x1 |
| 8:41 | kami al-farsi · wall_segment Palisade Wall x1 |
| 8:45 | kami al-farsi · wall_segment Palisade Wall x1 |
| 9:10 | kami al-farsi · first_building Barracks |
| 9:17 | kami al-farsi · wall_segment Palisade Wall x8 |
| 9:19 | kami al-farsi · age_up feudal |
| 9:30 | kami al-farsi · wall_segment Palisade Wall x1 |
| 9:34 | kami al-farsi · wall_segment Palisade Wall x3 |
| 9:51 | kami al-farsi · wall_segment Palisade Wall x8 |
| 10:08 | kami al-farsi · wall_segment Palisade Wall x1 |
| 10:10 | kami al-farsi · wall_segment Palisade Wall x1 |
| 10:13 | kami al-farsi · wall_segment Palisade Wall x1 |
| 10:21 | kami al-farsi · wall_segment Palisade Wall x1 |
| 10:26 | kami al-farsi · first_building Archery Range |
| 10:39 | kami al-farsi · wall_segment Palisade Wall x1 |
| 10:51 | J40 | Odiseo · age_up feudal |
| 10:54 | kami al-farsi · wall_segment Palisade Wall x1 |
| 10:54 | J40 | Odiseo · first_building Archery Range |
| 11:29 | J40 | Odiseo · wall_segment Palisade Wall x9 |
| 11:32 | J40 | Odiseo · wall_segment Palisade Wall x7 |
| 12:08 | kami al-farsi · wall_segment Palisade Wall x7 |
| 12:09 | kami al-farsi · wall_segment Palisade Wall x6 |
| 12:43 | J40 | Odiseo · wall_segment Palisade Wall x1 |
| 12:44 | J40 | Odiseo · wall_segment Palisade Wall x1 |
| 13:02 | J40 | Odiseo · wall_segment Palisade Wall x7 |
| 13:59 | J40 | Odiseo · wall_segment Palisade Wall x2 |
| 14:04 | J40 | Odiseo · wall_segment Palisade Wall x1 |
| 14:27 | J40 | Odiseo · wall_segment Palisade Wall x12 |
| 14:30 | J40 | Odiseo · wall_segment Palisade Wall x7 |
| 14:32 | J40 | Odiseo · wall_segment Palisade Wall x2 |
| 16:33 | J40 | Odiseo · wall_segment Palisade Wall x1 |
| 18:57 | kami al-farsi · first_market_buy 100 food |
| 19:27 | J40 | Odiseo · age_up castle |
| 19:35 | J40 | Odiseo · first_market_sell 100 food |
| 22:55 | kami al-farsi · age_up castle |
| 23:06 | J40 | Odiseo · first_building Siege Workshop |
| 25:45 | kami al-farsi · first_market_sell 500 stone |
| 27:58 | J40 | Odiseo · first_market_buy 100 wood |
| 28:24 | kami al-farsi · first_building Siege Workshop |
| 35:11 | kami al-farsi · first_building Castle |
| 35:31 | J40 | Odiseo · first_building Castle |
| 39:52 | J40 | Odiseo · age_up imperial |
| 44:22 | kami al-farsi · age_up imperial |
| 44:45 | kami al-farsi · wall_segment Stone Wall x16 |
| 46:50 | kami al-farsi · first_building Monastery |
| 52:10 | J40 | Odiseo · first_building Monastery |
| 56:05 | J40 | Odiseo · resign |
[ AI ANALYSIS · 1 CREDIT ]
What really happened in this match?
Wolo.gg analyzes every decision: build order, eco, micro, common mistakes by bracket. Personalized analysis on WhatsApp or Discord in 30 seconds.
Civ guide
Ethiopians
Perfil
Jugador #696992